 Dungeon Crawl Stone Soup version 0.30-b1-2-g02819fbbbe (webtiles) character file.

Game seed: 11663410012200557636

384 Mesmaeker13 the Shooter (level 6, -5/44 HPs)
             Began as a Barachi Hunter on May 8, 2023.
             Slain by a gnoll
             ... wielding a +0 whip
              (6 damage)
             ... on level 3 of the Dungeon.
             The game lasted 00:05:27 (2730 turns).

Mesmaeker13 the Shooter (Barachi Hunter)            Turns: 2730, Time: 00:05:28

Health: -5/44      AC:  6    Str: 13    XL:     6   Next: 77%
Magic:  6/6        EV: 16    Int:  9    God:
Gold:   153        SH:  0    Dex: 17    Spells: 5/5 levels left

rFire   . . .        p - +2 mace (holy)
rCold   . . .        (no shield)
rNeg    . . .        l - +0 ring mail
rPois   .            n - +0 helmet
rElec   .            (no cloak)
rCorr   +            (no gloves)
SInv    .            (no boots)
Will    .....        (no amulet)
Stlth   +            g - ring of resist corrosion
HPRegen 0.27/turn    f - +5 ring of evasion
MPRegen 0.10/turn

%: no passive effects
@: mighty, slow
A: amphibious, slowness 1, strong legs 1, +LOS, frail 1, MP-powered wands
a: Hop


You were on level 3 of the Dungeon.
You visited 1 branch of the dungeon, and saw 3 of its levels.

You collected 153 gold pieces.

Inventory:

Hand Weapons
 a - a +0 shortbow
 o - a +1 sling of flaming
 p - a +2 mace of holy wrath (weapon)
Missiles
 i - 6 poisoned darts
Armour
 l - a +0 ring mail (worn)
 n - a +0 helmet (worn)
Jewellery
 f - a +5 ring of evasion (right hand)
 g - a ring of resist corrosion (left hand)
 k - a ring of ice
Wands
 c - a wand of digging (8)
Scrolls
 b - 2 scrolls of immolation
 e - a scroll of fear
 h - a scroll of enchant armour
 q - a scroll of noise
 u - a scroll of enchant weapon
Potions
 j - a potion of curing {unknown}
 t - a potion of haste {unknown}
 v - a potion of heal wounds {unknown}


   Skills:
 + Level 4.6 Fighting
 * Level 6.2 Ranged Weapons
 + Level 2.6 Armour
 - Level 3.1 Dodging
 - Level 0.8 Stealth


You had 5 spell levels left.
You didn't know any spells.
Your spell library contained the following spells:

 Spells                   Type           Power      Damage    Failure   Level
 Apportation              Tloc           0%         N/A       63%         1
 Vhi's Electric Charge    Tloc/Air       0%         N/A       94%         3
 Summon Lightning Spire   Summ/Air       0%         N/A       100%        4
 Alistair's Intoxication  Tmut/Pois      0%         N/A       100%        5
 Arcjolt                  Conj/Air       0%         1d10      100%        5
 Storm Form               Tmut/Air       0%         N/A       100%        7
 Maxwell's Capacitive Co  Air            0%         ∞         100%        8


Dungeon Overview and Level Annotations

Branches:
Dungeon (3/15)

Altars:
Hepliaklqana
Xom

Shops:
D:2 *


Innate Abilities, Weirdness & Mutations

You are amphibious.
You cover ground slowly.
You can hop short distances.
You have an extended range of vision and can be seen from far away.
You are frail. (-10% HP)
You expend magic power (3 MP) to strengthen your wands.


Message History

It was a scroll of noise.
The gnoll misses you. The hobgoblin misses you.
The gnoll hits you with a +0 whip. The gnoll misses you.
As you read the scroll labelled TOFAECWEU, it crumbles to dust.
You feel aware of your surroundings.
It was a scroll of magic mapping.
The gnoll closely misses you. The hobgoblin closely misses you.
The gnoll hits you but does no damage. The gnoll closely misses you.
As you read the scroll labelled SIYZISCH MOCS, it crumbles to dust.
It is a scroll of amnesia.
You feel forgetful for a moment. The gnoll hits you with a +0 whip!
The hobgoblin completely misses you. The gnoll hits you with a +0 whip.
The gnoll hits you from afar with a +0 halberd.
You feel very mighty all of a sudden. The gnoll hits you with a +0 whip.
* * * LOW HITPOINT WARNING * * *
The hobgoblin hits you.
* * * LOW HITPOINT WARNING * * *
The gnoll hits you with a +0 whip.
* * * LOW HITPOINT WARNING * * *
The gnoll completely misses you.
It was a potion of mutation.
You feel extremely strange.
You feel frail.
You feel your magical essence link to the dungeon's wands.
The gnoll hits you with a +0 whip.
* * * LOW HITPOINT WARNING * * *
The hobgoblin misses you. The gnoll closely misses you.
The gnoll hits you but does no damage.
Unknown command.
Unknown command.
The gnoll attacks as you move away! The gnoll misses you.
The gnoll hits you but does no damage. The gnoll attacks as you move away!
The gnoll barely misses you.
There is an open door here.
You hit the gnoll.
The gnoll is heavily wounded.
The gnoll hits you with a +0 whip.
* * * LOW HITPOINT WARNING * * *
You thump the gnoll!
The gnoll is almost dead.
The gnoll hits you but does no damage. The gnoll hits you with a +0 whip.
You die...

#≈≈≈≈≈≈≈#$$$################
#≈≈≈≈≈≈≈#$$$#......## ##....
#≈≈≈≈≈≈≈#$$$#.......###.....
#≈≈≈≈≈≈≈##)##........#......
##≈≈≈≈≈≈≈#)).........#......
#≈≈≈≈≈≈≈#..........))......
#≈≈≈≈≈≈≈#g..........#).....
#≈≈≈≈≈≈##g##....)...#......
##≈≈≈≈≈#.g@#.......###.....
#≈≈≈≈≈#...#...[..## ##....
#≈≈≈≈≈#...################
##≈≈≈≈#####≈≈≈≈≈≈≈≈≈≈≈≈≈≈≈
####≈≈≈≈≈≈≈≈≈≈≈≈≈≈≈≈≈≈≈≈≈
########≈≈≈≈≈≈≈≈≈≈≈≈≈≈
###############


You could see 2 gnolls and a hobgoblin.

Vanquished Creatures
  4 crimson imps (D:3)
  A hound (D:3)
  Terence (D:2)
  Robin (D:2)
  4 gnolls (D:3)
  An adder (D:3)
  2 dart slugs (D:2)
  An orc (D:3)
  8 ball pythons
  2 bats
  5 endoplasms
  3 giant cockroaches
  28 hobgoblins
  2 jackals (D:1)
  A quokka (D:1)
  6 frilled lizards
  32 goblins
  9 kobolds
  5 rats
116 creatures vanquished.

Notes
Turn   | Place    | Note
-------+----------+-------------------------------------------
     0 | D:1      | Mesmaeker13 the Barachi Hunter began the quest for the Orb.
     0 | D:1      | Reached XP level 1. HP: 17/17 MP: 1/1
    85 | D:1      | Reached XP level 2. HP: 22/23 MP: 2/2
   509 | D:2      | Reached XP level 3. HP: 28/28 MP: 3/3
   572 | D:2      | Found Reckeg's General Store.
   650 | D:2      | Noticed Robin
   663 | D:2      | Killed Robin
   780 | D:2      | Reached XP level 4. HP: 35/35 MP: 4/4
   849 | D:2      | Noticed Terence
   865 | D:2      | Killed Terence
   866 | D:2      | Reached skill level 5 in Ranged Weapons
  1274 | D:3      | Reached skill level 1 in Armour
  1274 | D:3      | Reached XP level 5. HP: 41/42 MP: 5/5
  1349 | D:3      | Found a shimmering altar of Xom.
  1401 | D:3      | Reached XP level 6. HP: 48/48 MP: 6/6
  2041 | D:3      | Found a faded altar of an unknown god.
  2045 | D:3      | Found a hazy altar of Hepliaklqana.
  2184 | D:3      | Reached skill level 6 in Ranged Weapons
  2725 | D:3      | Gained mutation: You are frail. (-10% HP) [potion of
                  | mutation]
  2725 | D:3      | Gained mutation: You expend magic power (3 MP) to
                  | strengthen your wands. [potion of mutation]
  2725 | D:3      | HP: 2/44 [gnoll/+0 whip (2)]
  2730 | D:3      | Slain by a gnoll

Illustrated notes

Levels and vault maps discovered:
D:1:      minmay_arrival_semitransparent, layout_rooms, roderic_roman_lattice,
          dreamdust_wishing_well, minmay_3d_cube
D:2:      layout_rooms, serial_shops,
          nicolae_shop_temple_entry_statues_fountains,
          nicolae_concentric_dashed_squares_wild, uniq_robin, uniq_terence
D:3:      minmay_goblin_kobold_castle, layout_basic,
          nicolae_overflow_ecumenical_swirl, led_xom_imps, serial_glass,
          glass_columns_c, glass_columns_a

Skill      XL: |  1  2  3  4  5  6 |
---------------+-------------------+-----
Fighting       | 3 4 |  4.6
Dodging        | 3 |  3.1
Ranged Weapons | 5 6 |  6.2
Armour         | 1 2 |  2.6
Stealth        | |  0.8

Action                     |  1- 3 |  4- 6 || total
---------------------------+-------+-------++-------
  Melee: Mace              |       |   102 ||   102
   Fire: Shortbow          |    87 |    97 ||   184
         Sling             |     5 |    78 ||    83
Ability: Hop               |     1 |       ||     1
    Use: Scroll            |     2 |     6 ||     8
         Potion            |       |     3 ||     3
   Stab: Fleeing           |       |     1 ||     1
 Armour: Leather armour    |     4 |       ||     4
         Ring mail         |       |    62 ||    62
  Dodge: Dodged            |    20 |   246 ||   266
